 Dungeon Crawl Stone Soup version 0.29-a0-91-gdebf4667c2 (webtiles) character file.

Game seed: 13664316812970081373

413 lordive the Chucker (level 6, 2/57 HPs)
             Began as a Troll Hunter on Feb 7, 2022.
             Was an Initiate of Cheibriados.
             Quit the game on level 3 of the Dungeon.
             The game lasted 00:03:03 (1885 turns).

lordive the Chucker (Troll Hunter)                  Turns: 1885, Time: 00:03:04

Health: 2/57       AC:  4    Str: 22    XL:     6   Next: 59%
Magic:  6/6        EV: 10    Int: 10    God:    Cheibriados [......]
Gold:   202        SH:  0    Dex: 11    Spells: 5/5 levels left

rFire   . . .      SeeInvis .     - Unarmed
rCold   . . .      Faith    .   (no shield)
rNeg    . . .      Spirit   .   b - +0 robe
rPois   .          Reflect  .   (helmet restricted)
rElec   .          Harm     .   (no cloak)
rCorr   .          Rampage  .   (gloves unavailable)
Will    .....                   (boots unavailable)
Stlth   +.........              (no amulet)
HPRegen 0.99/turn               (no ring)
MPRegen 0.10/turn               (no ring)

@: lethally poisoned (2 -> -9), attractive, very slow
A: large, unfitting armour, claws 3, regeneration 1, shaggy fur 1, tough skin 1
a: Renounce Religion


You were on level 3 of the Dungeon.
You worshipped Cheibriados.
Cheibriados was noncommittal.
You visited 1 branch of the dungeon, and saw 3 of its levels.

You collected 202 gold pieces.

Inventory:

Missiles
 c - 4 large rocks (quivered)
 d - 2 throwing nets
Armour
 b - a +0 robe (worn)
Scrolls
 a - a scroll of blinking {unknown}
 e - a scroll of fog {unknown}
 f - a scroll of enchant armour {unknown}
 g - a scroll of identify {unknown}
 h - a scroll of fear {unknown}
 i - a scroll of summoning {unknown}
 k - 2 scrolls of teleportation {unknown}
 l - a scroll of amnesia {unknown}


   Skills:
 * Level 2.3 Fighting
 * Level 4.5 Throwing
 * Level 1.8 Armour
 * Level 2.9 Dodging
 + Level 0.8 Stealth
 + Level 2.9 Unarmed Combat
 * Level 1.6 Invocations


You had 5 spell levels left.
You didn't know any spells.
Your spell library contained the following spells:

 Spells                   Type           Power      Damage    Failure   Level
 Dazzling Flash           Conj/Hex       0%         N/A       75%         3
 Iskenderun's Mystic Bla  Conj/Tloc      0%         2d3       98%         4
 Starburst                Conj/Fire      0%         6d3       100%        6


Dungeon Overview and Level Annotations

Branches:
Dungeon (3/15)

Altars:
Cheibriados

Shops:
D:1 !


Innate Abilities, Weirdness & Mutations

You are too large for most types of armour.
You have claws for hands.
Your natural rate of healing is unusually fast.
You are covered in fur. (AC +1)
You have tough skin. (AC +1)


Message History

You feel very sick. The water moccasin misses you.
The water moccasin bites you but does no damage.
You claw the water moccasin!
The water moccasin is severely wounded.
You feel very sick. The water moccasin bites you.
You are more poisoned.
The water moccasin poisons you!
You miss the water moccasin. Your claw misses the water moccasin.
The water moccasin is heavily wounded.
You feel very sick.
The water moccasin bites you but does no damage.
You claw the water moccasin!
The water moccasin is almost dead.
You feel very sick.
The water moccasin barely misses you. x2
You barely miss the water moccasin.
The water moccasin is almost dead.
You feel very sick. The water moccasin bites you.
* * * LOW HITPOINT WARNING * * *
You are lethally poisoned!
The water moccasin poisons you!
You scratch the water moccasin.
You kill the water moccasin!
Cheibriados thoroughly appreciates the change of pace.
* * * LOW HITPOINT WARNING * * *
You feel very sick.
Unknown command.
It was a potion of attraction.
You feel attractive to monsters.
* * * LOW HITPOINT WARNING * * *
You feel very sick.
Unknown command.
There is a lethal amount of poison in your body!
There is a lethal amount of poison in your body!
* * * LOW HITPOINT WARNING * * *
You feel very sick.
Are you sure you want to abandon this character and quit the game? (Confirm with "yes".)

#########################
.......†@................
>........................
.########################
#.... #.... #.... #....
#.... #....


There were no monsters in sight!

Vanquished Creatures
  A water moccasin (D:3)
  A sky beast (D:3)
  Natasha (thrice) (D:3)
  7 adders (D:2)
  A gnoll (D:1)
  2 worms
  2 dart slugs
  An orc (D:3)
  7 bats (D:1)
  5 endoplasms
  3 giant cockroaches (D:1)
  7 goblins
  7 hobgoblins
  4 jackals (D:1)
  2 quokkas (D:1)
  2 ball pythons
  4 frilled lizards
  3 kobolds
  5 rats
67 creatures vanquished.

Notes
Turn   | Place    | Note
-------+----------+-------------------------------------------
     0 | D:1      | lordive the Troll Hunter began the quest for the Orb.
     0 | D:1      | Reached XP level 1. HP: 19/19 MP: 0/0
    88 | D:1      | Reached XP level 2. HP: 27/27 MP: 1/1
   349 | D:1      | Reached XP level 3. HP: 35/35 MP: 2/2
   352 | D:1      | Reached skill level 4 in Throwing
   751 | D:1      | Found Koafoeb's Distillery.
   800 | D:2      | Reached skill level 1 in Armour
   875 | D:2      | Reached XP level 4. HP: 39/42 MP: 3/3
   931 | D:2      | Reached skill level 1 in Unarmed Combat
   985 | D:2      | Found a faded altar of an unknown god.
   996 | D:2      | Reached skill level 1 in Invocations
  1550 | D:3      | Reached XP level 5. HP: 49/49 MP: 4/4
  1601 | D:3      | Found a snail-covered altar of Cheibriados.
  1608 | D:3      | Became a worshipper of Cheibriados the Contemplative
  1610 | D:3      | Noticed a sky beast
  1630 | D:3      | Killed a sky beast
  1673 | D:3      | Noticed Natasha
  1686 | D:3      | Killed Natasha
  1737 | D:3      | Noticed Natasha
  1744 | D:3      | Killed Natasha
  1745 | D:3      | Reached XP level 6. HP: 36/57 MP: 6/6
  1752 | D:3      | Noticed Natasha
  1763 | D:3      | Killed Natasha
  1863 | D:3      | Noticed a water moccasin
  1882 | D:3      | Killed a water moccasin
  1884 | D:3      | HP: 2/57 [poisoned by a water moccasin]
  1885 | D:3      | Quit the game

Illustrated notes

Levels and vault maps discovered:
D:1:      lightli_arrival_maybe_door_vault, layout_basic, serial_shops,
          nicolae_shop_behind_doors, nicolae_grassy_gnolls
D:2:      minmay_spotlight, layout_basic, hellmonk_ecumenical_altar_lost_god
D:3:      layout_basic, mainiacjoe_overflow_large_starburst,
          kennysheep_slug_shrine, nicolae_concentric_dashed_squares_mild,
          uniq_robin, uniq_natasha

Skill      XL: |  1  2  3  4  5 |
---------------+----------------+-----
Throwing       | 4 |  4.5
Dodging        | 2 |  2.9
Armour         | 1 |  1.8
Unarmed Combat | 1 2 |  2.9
Invocations    | 1 |  1.6
Fighting       | 2 |  2.3
Stealth        | |  0.8

Action                   |  1- 3 |  4- 6 || total
-------------------------+-------+-------++-------
Melee: Unarmed           |   143 |   127 ||   270
       Short sword       |    12 |       ||    12
       Punch             |     1 |     4 ||     5
Throw: Large rock        |       |     1 ||     1
  Use: Potion            |       |     3 ||     3
 Stab: Sleeping          |       |     1 ||     1
Armor: Robe              |    74 |    32 ||   106
Dodge: Dodged            |   107 |    44 ||   151

Table legend: (Time is in decaauts)
 A = Elapsed time spent in this place.
 B = Non-inter-level travel time spent in this place.
 C = Inter-level travel time spent in this place.
 D = Time resting spent in this place.
 E = Time spent auto-exploring this place.
 F = Levels seen in this place.
 G = Mean time per level.
                   A        B        C        D        E       F      G
               +--------+--------+--------+--------+--------+-----+--------+
         Total |   1941 |   1916 |     25 |      0 |   1384 |   3 |  647.0 |
       Dungeon |   1941 |   1916 |     25 |      0 |   1384 |   3 |  647.0 |
               +--------+--------+--------+--------+--------+-----+--------+

Top non-repeatable levels by time:
     D:1: 774 daAuts
     D:2: 689 daAuts
     D:3: 477 daAuts
